 Dungeon Crawl Stone Soup version 0.29-a0-271-gd4eb659eea (webtiles) character file.

Game seed: 13509758696135809436

147 Esekla the Sneak (level 5, -3/37 HPs)
             Began as an Octopode Delver on Mar 8, 2022.
             Killed from afar by an orc wizard (8 damage)
             ... with a puff of flame
             ... on level 4 of the Dungeon.
             The game lasted 00:04:46 (820 turns).

Esekla the Sneak (Octopode Delver)                   Turns: 820, Time: 00:04:46

Health: -3/37      AC:  1    Str: 11    XL:     5   Next: 29%
Magic:  7/7        EV: 14    Int: 14    God:
Gold:   57         SH:  0    Dex: 14    Spells: 7/7 levels left

rFire   . . .      SeeInvis .   a - +0 falchion
rCold   . . .      Faith    .   (no shield)
rNeg    . . .      Spirit   .   (helmet restricted)
rPois   .          Reflect  .   (no amulet)
rElec   .          Harm     .   (no ring)
rCorr   .          Rampage  .   (no ring)
Will    .....                   (no ring)
Stlth   ++++......              (no ring)
HPRegen 0.12/turn               (no ring)
MPRegen 0.10/turn               (no ring)
                                (no ring)
                                (no ring)

@: no status effects
A: almost no armour, amphibious, 8 rings, camouflage 1, gelatinous body 1,
(nimble swimmer 1), tentacles
a: no special abilities


You were on level 4 of the Dungeon.
You visited 1 branch of the dungeon, and saw 2 of its levels.

You collected 57 gold pieces.

Inventory:

Hand Weapons
 a - a +0 falchion (weapon)
 s - a +0 dagger
Missiles
 j - 6 poisoned darts (quivered)
Wands
 f - a wand of digging (3)
Scrolls
 b - a scroll of fog
 c - a scroll of magic mapping
 d - a scroll of fear
Potions
 e - a potion of haste
 g - a potion of heal wounds {unknown}


   Skills:
 * Level 4.1 Fighting
 * Level 3.2 Long Blades
 * Level 2.9 Dodging
 - Level 6.6 Stealth
 * Level 1.7 Spellcasting


You had 7 spell levels left.
You didn't know any spells.
Your spell library was empty.

Dungeon Overview and Level Annotations

Branches:
Dungeon (5/15)
 Temple: D:4-7

Altars:

Annotations:
D:4 Eustachio


Innate Abilities, Weirdness & Mutations

You cannot wear most types of armour.
You are amphibious.
You can wear up to eight rings at the same time.
Your skin changes colour to match your surroundings (Stealth+).
Your rubbery body absorbs attacks. (AC +1, EV +1)
((You are camouflaged when in or above water. (Stealth+)))
You have tentacles for arms and can constrict up to eight enemies at once.


Message History

You constrict the orc priest. The goblin misses you.
The orc priest barely misses you.
You hit the goblin.
You kill the goblin!
You constrict the orc priest.
The orc wizard casts a spell.
The orc wizard flickers and vanishes!
Deactivating autopickup; reactivate with Ctrl-A.
The orc priest invokes the aid of Beogh against you.
Beogh smites you! The orc priest hits you with a +0 club.
Your Fighting skill increases to level 4!
You hit the orc priest but do no damage.
You squeeze the orc priest.
The orc priest is almost dead.
You constrict the orc priest, but do no damage.
The orc priest calls down the wrath of Beogh upon you.
Beogh smites you!
You hit the orc priest.
You kill the orc priest!
An orc wizard comes into view. It is wielding a +0 dagger.
You hit something.
Your tentacle-slap misses something.
You hear some strange, mumbled words.
A puff of flame appears from out of thin air!
The puff of flame hits you!
* * * LOW HITPOINT WARNING * * *
It was a potion of curing.
You feel better. Something barely misses you.
The orc wizard casts a spell at you.
The magic dart hits something.
You completely miss something. Something hits you.
* * * LOW HITPOINT WARNING * * *
The orc wizard mumbles some strange words.
The orc wizard flickers and vanishes!
You barely miss something. Something hits you.
* * * LOW HITPOINT WARNING * * *
You miss something. Something hits you.
* * * LOW HITPOINT WARNING * * *
You hear some strange, mumbled words. x2
A puff of flame appears from out of thin air!
The puff of flame hits you!
You die...

..P≈≈≈≈≈♣≈P.≈≈P
..@≈≈≈≈≈♣♣♣≈≈≈.
.#≈≈.≈≈≈P♣≈≈
......#≈.≈≈..P≈
...####.#####.##
## #.##.....
#.##.##.# ##.#
#.##.##.####...#
#......<.)@{..#
###...#########
## #...#
.####.## ###.
..###.##.....
..#......#
♣♣♣♣♣#.#.#.##.#
≈♣P..#.#.#.)# #
.≈.....#.##.# #


There were no monsters in sight!

Vanquished Creatures
  An orc priest (D:4)
  2 hounds (D:4)
  An orc wizard (D:4)
  2 adders (D:4)
  A dart slug (D:4)
  An orc (D:4)
  2 giant cockroaches (D:4)
  2 goblins (D:4)
  2 hobgoblins (D:4)
  A quokka (D:4)
  4 kobolds (D:4)
19 creatures vanquished.

Vanquished Creatures (others)
  52 plants (D:4)
52 creatures vanquished.

Grand Total: 71 creatures vanquished

Notes
Turn   | Place    | Note
-------+----------+-------------------------------------------
     0 | D:5      | Esekla the Octopode Delver began the quest for the Orb.
     0 | D:5      | Reached XP level 1. HP: 16/16 MP: 1/1
    23 | D:5      | Noticed an ogre
    47 | D:4      | Reached XP level 2. HP: 13/21 MP: 2/2
   426 | D:4      | Reached skill level 1 in Spellcasting
   426 | D:4      | Reached XP level 3. HP: 20/26 MP: 4/4
   607 | D:4      | Reached XP level 4. HP: 33/33 MP: 4/6
   791 | D:4      | Noticed Eustachio
   812 | D:4      | Reached XP level 5. HP: 37/37 MP: 7/7
   820 | D:4      | Killed from afar by an orc wizard

Illustrated notes

Levels and vault maps discovered:
D:4:      layout_loops_cross, temple_fountains, serial_bayou,
          serial_bayou_shore_b, serial_bayou_crossing, serial_bayou_lake_a,
          serial_bayou_lagoon_a, serial_bayou_ford_a, uniq_eustachio
D:5:      layout_basic, mainiacjoe_overflow_divided_tiny, grunt_ministairs_13,
          hangedman_decor_riveting, corner_web_ring, serial_bayou_pond_d

Skill      XL: |  1  2  3  4  5 |
---------------+----------------+-----
Spellcasting   | 1 |  1.7
Long Blades    | 3 |  3.2
Fighting       | 4 |  4.1
Dodging        | |  2.9
Stealth        | |  6.6

Action                   |  1- 3 |  4- 6 || total
-------------------------+-------+-------++-------
Melee: Falchion          |    15 |    17 ||    32
       Constrict         |     3 |     6 ||     9
       Tentacles         |     1 |     6 ||     7
       Dagger            |     1 |     5 ||     6
  Use: Potion            |       |     1 ||     1
 Stab: Sleeping          |     3 |     4 ||     7
Armor: Skin              |     1 |       ||     1
Dodge: Dodged            |     6 |     6 ||    12

Table legend: (Time is in decaauts)
 A = Elapsed time spent in this place.
 B = Non-inter-level travel time spent in this place.
 C = Inter-level travel time spent in this place.
 D = Time resting spent in this place.
 E = Time spent auto-exploring this place.
 F = Levels seen in this place.
 G = Mean time per level.
                   A        B        C        D        E       F      G
               +--------+--------+--------+--------+--------+-----+--------+
         Total |    821 |    821 |      0 |    431 |      0 |   2 |  410.5 |
       Dungeon |    821 |    821 |      0 |    431 |      0 |   2 |  410.5 |
               +--------+--------+--------+--------+--------+-----+--------+

Top non-repeatable levels by time:
     D:4: 786 daAuts
     D:5: 35 daAuts
